 Dungeon Sprint DCSS version 0.27-a0-93-g19769c27d7 (webtiles) character file.

Game seed: 17525536073776906042

198465 rocky1 the Devastator (level 18, -1/188 HPs)
             Began as an Octopode Earth Elementalist on Jan 17, 2021.
             Was the Champion of Sif Muna.
             Slain by Gloorx Vloq (28 damage)
             ... in the Dungeon (Sprint VII: "The Pits").
             The game lasted 01:27:25 (8621 turns).

rocky1 the Devastator (Octopode Earth Elementalist) Turns: 8621, Time: 01:27:26

Health: -1/188     AC: 47    Str: 19    XL:     18   Next: 44%
Magic:  16/42      EV: 31    Int: 34    God:    Sif Muna [******]
Gold:   116        SH:  9    Dex: 21    Spells: 6/57 levels left

rFire    + + +     SeeInvis .   Q - staff of earth
rCold    + + .     Faith    .   G - +0 buckler
rNeg     + + +     Spirit   .   J - +2 hat
rPois    ∞         Reflect  .   v - amulet "Fatezoso" {RegenMP rN++ Str+4}
rElec    +         Harm     .   g - ring "Suungud" {rC+ rN+}
rCorr    .         Rampage  .   j - ring of Ubaell {AC+6 Int+3}
Will     +++..     NoTele   +   l - ring "Unnokh" {Wiz Int+4 Dex+4}
Stlth    +++++++...             r - ring "Bocw" {rPois rF++ Will+ Str+6}
HPRegen  0.41/turn              I - ring "Jyoddo Xipt" {+Blink Will+ Int+4 Dex-2}
MPRegen  0.53/turn              B - ring of protection from cold
                                X - +6 ring of protection
                                k - ring of Awoxysu {rF+ Dex+6}

@: lethally poisoned (-1 -> -1), statue-form, very slow
A: almost no armour, stealthy swim, amphibious, 8 rings, constrict 8, camouflage
1
}: 1/3 runes: silver
a: End Transformation, Renounce Religion, Evoke Blink, Channel Magic, Forget
Spell, Divine Exegesis


You were in the Dungeon.
You worshipped Sif Muna.
Sif Muna was exalted by your worship.
You were a stone statue.
You visited 1 branch You collected 116 gold pieces.

Inventory:

Hand Weapons
 h - a +3 long sword of holy wrath
 M - a +5 quick blade
Missiles
 b - 135 stones
Armour
 G - a +0 buckler (worn)
 J - a +2 hat (worn)
Magical Staves
 x - an uncursed staff of conjuration
 Q - an uncursed staff of earth (weapon)
Jewellery
 g - the ring "Suungud" (left tentacle) {rC+ rN+}
   (You found it in the Dungeon)

   [ring of positive energy]

   It protects you from cold.
   It protects you from negative energy.
 j - the ring of Ubaell (right tentacle) {AC+6 Int+3}
   (You found it in the Dungeon)

   [ring of protection]

   It affects your AC (+6).
   It affects your intelligence (+3).
 k - the ring of Awoxysu (on tentacle) {rF+ Dex+6}
   (You found it in the Dungeon)

   [ring of dexterity]

   It affects your dexterity (+6).
   It protects you from fire.
 l - the ring "Unnokh" (on tentacle) {Wiz Int+4 Dex+4}
   (You found it in the Dungeon)

   [ring of wizardry]

   It improves your spell success rate.
   It affects your intelligence (+4).
   It affects your dexterity (+4).
 r - the ring "Bocw" (on tentacle) {rPois rF++ Will+ Str+6}
   (You found it in the Dungeon)

   [ring of strength]

   It affects your strength (+6).
   It greatly protects you from fire.
   It protects you from poison.
   It affects your willpower, your defense against some magical effects.
 v - the amulet "Fatezoso" (around mantle) {RegenMP rN++ Str+4}
   (You found it in the Dungeon)

   [amulet of magic regeneration]

   It increases your magic regeneration.
   It affects your strength (+4).
   It greatly protects you from negative energy.
 B - a ring of protection from cold (on tentacle)
 D - an uncursed ring of see invisible
 I - the ring "Jyoddo Xipt" (on tentacle) {+Blink Will+ Int+4 Dex-2}
   (You took it off an orc knight in the Dungeon)

   [ring of willpower]

   It affects your intelligence (+4).
   It affects your dexterity (-2).
   It affects your willpower, your defense against some magical effects.
   It lets you blink.
 W - a +6 ring of protection
 X - a +6 ring of protection (on tentacle)
Wands
 w - a wand of digging (5)
Scrolls
 a - a scroll of amnesia
 c - 4 scrolls of identify
 d - a scroll of summoning
 i - 9 scrolls of remove curse
 o - 6 scrolls of enchant armour
 s - 6 scrolls of enchant weapon
 t - a scroll of fear
 R - a scroll of blinking
 S - a scroll of fog
Potions
 e - 8 potions of berserk rage
 f - 13 potions of curing
 m - 8 potions of haste
 n - 19 potions of heal wounds
 p - a potion of invisibility
 q - 4 potions of magic
 u - 2 potions of brilliance
 z - 2 potions of might
 C - 5 potions of mutation
 E - 2 potions of resistance
Miscellaneous
 A - a phantom mirror
 Z - a phial of floods


   Skills:
 + Level 19.9 Fighting
 - Level 11.9 Short Blades
 - Level 12.0 Staves
 + Level 20.0 Dodging
 - Level 12.6 Stealth
 + Level 15.0 Shields
 + Level 20.1 Spellcasting
 + Level 20.9 Conjurations
 - Level 8.7 Transmutations
 + Level 18.8 Fire Magic
 - Level 11.7 Ice Magic
 - Level 11.9 Air Magic
 - Level 18.6 Earth Magic
 - Level 14.6 Invocations
 + Level 9.9 Evocations


You had 6 spell levels left.
You knew the following spells:

 Your Spells              Type           Power        Failure   Level
a - Shatter               Erth           63%          17%         9
b - Blink                 Tloc           N/A          1%          2
c - Lee's Rapid Deconstr  Erth           63%          0%          5
d - Fire Storm            Conj/Fire      53%          12%         9
e - Iron Shot             Conj/Erth      65%          1%          6
f - Freezing Cloud        Conj/Ice/Air   47%          1%          6
h - Statue Form           Tmut/Erth      75%          1%          6
i - Lehudib's Crystal Sp  Conj/Erth      65%          1%          8

Your spell library contained the following spells:

 Spells                   Type           Power        Failure   Level
 Foxfire                  Conj/Fire      100%         0%          1
 Freeze                   Ice            100%         0%          1
 Magic Dart               Conj           100%         0%          1
 Sandblast                Erth           100%         0%          1
 Shock                    Conj/Air       100%         0%          1
 Passwall                 Tmut/Erth      94%          0%          2
 Searing Ray              Conj           100%         0%          2
 Swiftness                Air            86%          0%          2
 Conjure Flame            Conj/Fire      100%         0%          3
 Frozen Ramparts          Ice            100%         0%          3
 Ozocubu's Armour         Ice            85%          0%          3
 Static Discharge         Conj/Air       98%          0%          3
 Stone Arrow              Conj/Erth      100%         0%          3
 Hailstorm                Conj/Ice       98%          0%          4
 Sticky Flame             Conj/Fire      100%         0%          4
 Bolt of Magma            Conj/Fire/Erth 64%          0%          5
 Fireball                 Conj/Fire      53%          0%          5
 Iskenderun's Battlesphe  Conj           100%         0%          5
 Animate Skeleton         Necr           68%          1%          1
 Apportation              Tloc           68%          1%          1
 Beastly Appendage        Tmut           100%         1%          1
 Corona                   Hex            37%          1%          1
 Pain                     Necr           100%         1%          1
 Sting                    Tmut/Pois      100%         1%          1
 Summon Small Mammal      Summ           100%         1%          1
 Call Imp                 Summ           34%          1%          2
 Corpse Rot               Necr/Air       N/A          1%          2
 Ensorcelled Hibernation  Hex/Ice        100%         1%          2
 Poisonous Vapours        Pois/Air       100%         1%          2
 Slow                     Hex            34%          1%          2
 Sublimation of Blood     Necr           17%          1%          2
 Wereblood                Tmut           76%          1%          2
 Call Canine Familiar     Summ           34%          1%          3
 Confusing Touch          Hex            34%          1%          3
 Dazzling Flash           Conj/Hex       100%         1%          3
 Gell's Gravitas          Tloc           17%          1%          3
 Ignite Poison            Fire/Tmut/Pois 77%          1%          3
 Inner Flame              Hex/Fire       78%          1%          3
 Lesser Beckoning         Tloc           17%          1%          3
 Mephitic Cloud           Conj/Pois/Air  83%          1%          3
 Portal Projectile        Hex/Tloc       68%          1%          3
 Spider Form              Tmut/Pois      29%          1%          3
 Summon Guardian Golem    Hex/Summ       34%          1%          3
 Teleport Other           Tloc           34%          1%          3
 Tukima's Dance           Hex            34%          1%          3
 Vampiric Draining        Necr           17%          1%          3
 Airstrike                Air            43%          1%          4
 Fulminant Prism          Conj/Hex       40%          1%          4
 Ice Form                 Ice/Tmut       81%          1%          4
 Iskenderun's Mystic Bla  Conj/Tloc      81%          1%          4
 Leda's Liquefaction      Hex/Erth       49%          1%          4
 Petrify                  Tmut/Erth      100%         1%          4
 Summon Ice Beast         Ice/Summ       65%          1%          4
 Summon Lightning Spire   Summ/Air       65%          1%          4
 Alistair's Intoxication  Tmut/Pois      39%          1%          5
 Blade Hands              Tmut           38%          1%          5
 Borgnjor's Vile Clutch   Necr/Erth      49%          1%          5
 Irradiate                Conj/Tmut      47%          1%          5
 Lightning Bolt           Conj/Air       49%          1%          5
 Metabolic Englaciation   Hex/Ice        32%          1%          5
 Silence                  Hex/Air        32%          1%          5
 Yara's Violent Unravell  Hex/Tmut       29%          1%          5
 Conjure Ball Lightning   Conj/Air       49%          1%          6
 Hydra Form               Tmut           38%          1%          6
 Ozocubu's Refrigeration  Ice            42%          1%          6
 Starburst                Conj/Fire      53%          1%          6
 Animate Dead             Necr           17%          4%          4
 Cause Fear               Hex            17%          4%          4
 Dispel Undead            Necr           34%          4%          4
 Olgreb's Toxic Radiance  Pois           34%          4%          4
 Passage of Golubria      Tloc           N/A          4%          4
 Simulacrum               Ice/Necr       32%          5%          6
 Eringya's Noxious Bog    Tmut/Pois      29%          10%         6
 Agony                    Necr           34%          11%         5
 Excruciating Wounds      Necr           17%          11%         5
 Summon Demon             Summ           17%          11%         5
 Summon Forest            Summ/Tloc      17%          11%         5
 Summon Mana Viper        Hex/Summ       34%          11%         5
 Death Channel            Necr           17%          47%         6
 Dispersal                Tloc           17%          47%         6
 Invisibility             Hex            34%          47%         6
 Shadow Creatures         Summ           N/A          47%         6
 Orb of Destruction       Conj           54%          1%          7
 Ignition                 Fire           52%          1%          8
 Chain Lightning          Conj/Air       49%          3%          8
 Spellforged Servitor     Conj/Summ      40%          4%          7
 Dragon Form              Tmut           38%          9%          7
 Tornado                  Air            43%          94%         9
 Haunt                    Necr/Summ      17%          95%         7
 Malign Gateway           Summ/Tloc      17%          95%         7
 Monstrous Menagerie      Summ           17%          95%         7
 Summon Greater Demon     Summ           17%          95%         7
 Summon Hydra             Summ           17%          95%         7
 Absolute Zero            Ice            42%          95%         9
 Necromutation            Tmut/Necr      29%          98%         8
 Borgnjor's Revivificati  Necr           17%          100%        8
 Discord                  Hex            17%          100%        8
 Disjunction              Tloc           17%          100%        8
 Infestation              Necr           17%          100%        8
 Summon Horrible Things   Summ           17%          100%        8
 Death's Door             Necr           17%          100%        9
 Dragon's Call            Summ           17%          100%        9


Dungeon Overview and Level Annotations

Branches:
Dungeon (1/1)

Altars:
Ashenzari
Cheibriados
Dithmenos
Elyvilon
Fedhas
Gozag
Hepliaklqana
Kikubaaqudgha
Makhleb
Nemelex Xobeh
Okawaru
Qazlal
Ru
Sif Muna
Trog
Uskayaw
Vehumet
Wu Jian
Xom
Yredelemnul
Zin
The Shining One
Beogh
Jiyva
Lugonu

Annotations:
D Gloorx Vloq


Innate Abilities, Weirdness & Mutations

You cannot wear most types of armour.
You are very stealthy in the water. (Stealth+)
You are amphibious.
You can wear up to eight rings at the same time.
You can use your tentacles to constrict eight enemies at once.
Your skin changes colour to match your surroundings (Stealth+).
((Your rubbery body absorbs attacks. (AC +1, EV +1)))


Message History

Casting: Statue Form (mildly dangerous; 1% risk of failure)
Confirm with . or Enter, or press ? or * to list all spells.
Aiming: Lehudib's Crystal Spear (mildly dangerous; 1% risk of failure)
Press: ? - help, Shift-Dir - straight line, f/p - Gloorx Vloq
Aim: Gloorx Vloq (severely wounded, 16% to evade)
You feel a surge of power!
The crystal spear hits Gloorx Vloq!!!!
Gloorx Vloq is almost dead.
The Executioner closely misses you. You block the Executioner's attack.
The Executioner hits you but does no damage.
You block the Executioner's attack. The Executioner misses you.
The Executioner completely misses you. Gloorx Vloq completely misses you.
The Executioner hits you!
* * * LOW HITPOINT WARNING * * *
The Executioner hits you.
* * * LOW HITPOINT WARNING * * *
The Executioner hits you but does no damage.
Gloorx Vloq completely misses you.
The Executioner hits you but does no damage.
The Executioner misses you. x2; Gloorx Vloq hits you!!
You die...

**,***,***,*****,*
+,,,+,,,+,,,+,**+*
**,+**,***,+****,*
,***,***,***,***+*
**,****,,,+,,,**,*
*,,,****,**+,**#+#
,,,,,***+*,*** #1#
,,,,,,**,***,**#&#
,,,,,**,,,+,,,*#8#
*,,,***+,**+,**#1#
**,***,***,*+* #.#
,***,***,***,**#'#
,,+,,,+,,,+,,,##.##
,**+,**+,**+,*#†.)#
**,***,***,**++)..#
*** *** *****##)##
***************#†#


You could see Gloorx Vloq and 2 Executioners.

Vanquished Creatures
  3 ancient liches (D)
  Tiamat (D)
  A golden dragon (D)
  Jory (D)
  4 bone dragons (D)
  7 liches (D)
  2 Tzitzimimeh (D)
  A hellephant (D)
  A tentacled monstrosity (D)
  A Hell Sentinel (D)
  2 deep elf blademasters (D)
  Murray (D)
  An acid blob (D)
  Polyphemus (D)
  Agnes (D)
  2 sphinxes (D)
  3 storm dragons (D)
  A draconian monk (D)
  An azure jelly (D)
  2 fire giants (D)
  3 frost giants (D)
  A cacodemon (D)
  A balrug (D)
  A ghost moth (D)
  An angel (D)
  A draconian knight (D)
  A deep elf sorcerer (D)
  3 orc warlords (D)
  2 ghouls (D)
  A black draconian (D)
  A lorocyproca (D)
  A deep elf demonologist (D)
  A red draconian (D)
  5 vampire knights (D)
  A yellow draconian (D)
  3 deep elf annihilators (D)
  A minotaur (D)
  A white draconian (D)
  An eidolon (D)
  2 merfolk impalers (D)
  3 ogre magi (D)
  A rakshasa (D)
  4 naga warriors (D)
  A boulder beetle (D)
  A great orb of eyes (D)
  An ice dragon (D)
  A spriggan air mage (D)
  3 vault guards (D)
  Erolcha (D)
  A merfolk avatar (D)
  3 catoblepae (D)
  3 two-headed ogres (D)
  4 death yaks (D)
  2 merfolk aquamancers (D)
  4 hell hogs (D)
  4 vampire magi (D)
  Sonja (D)
  A sun demon (D)
  2 deep elf knights (D)
  An iron troll (D)
  3 fire crabs (D)
  5 hell knights (D)
  10 skeletal warriors (D)
  A shadow wraith (D)
  4 flayed ghosts (D)
  2 deep trolls (D)
  A bog body (D)
  A necromancer (D)
  4 harpies (D)
  12 orc knights (D)
  3 wizards (D)
  Pikel (D)
  An orc sorcerer (D)
  A wolf spider (D)
  A manticore (D)
  A deep elf mage (D)
  2 naga magi (D)
  A black mamba (D)
  An eye of devastation (D)
  A molten gargoyle (D)
  An orange demon (D)
  A cane toad (D)
  An efreet (D)
  2 ice devils (D)
  2 freezing wraiths (D)
  2 komodo dragons (D)
  3 yaktaurs (D)
  3 guardian mummies (D)
  4 wandering mushrooms (D)
  9 merfolk (D)
  A polar bear (D)
  A troll (D)
  A hornet (D)
  Grinder (D)
  3 blink frogs (D)
  3 redbacks (D)
  2 spriggans (D)
  5 vampires (D)
  3 wraiths (D)
  A shadow (D)
  2 tarantellas (D)
  9 yaks (D)
  6 water elementals (D)
  2 vampire mosquitoes (D)
  2 basilisks (D)
  A steam dragon (D)
  A swamp worm (shapeshifter) (D)
  A warg (D)
  A soldier ant (D)
  9 hell hounds (D)
  3 nagas (D)
  A floating eye (D)
  Purgy (D)
  2 ogres (D)
  6 orc warriors (D)
  A black bear (D)
  2 eyes of draining (D)
  3 ice beasts (D)
  2 centaurs (D)
  2 earth elementals (D)
  A jelly (D)
  4 orc wizards (D)
  An iguana (D)
  2 hell rats (D)
  A small abomination (D)
  2 river rats (D)
  A white imp (D)
  An ufetubus (D)
  2 adder skeletons (D)
  An adder simulacrum (D)
  2 leopard geckos (D)
  10 orcs (D)
  2 bat skeletons (D)
  2 bat zombies (D)
  A giant cockroach (D)
  A hobgoblin (D)
  2 kobolds (D)
  3 quokkas (D)
  A ball python (D)
  A ball python zombie (D)
  2 bats (D)
  A giant cockroach simulacrum (D)
  2 giant cockroach zombies (D)
  2 jackal simulacra (D)
  2 jackal zombies (D)
  A leopard gecko simulacrum (D)
  A leopard gecko skeleton (D)
  A leopard gecko zombie (D)
  2 quokka simulacra (D)
  2 quokka skeletons (D)
330 creatures vanquished.

Vanquished Creatures (collateral kills)
  An emperor scorpion (D)
  A green draconian (D)
  A red draconian (D)
  A two-headed ogre (D)
  A cherub (D)
  A lindwurm (D)
  An elephant (D)
  A fire elemental (D)
  A hell hound (D)
  An adder simulacrum (D)
10 creatures vanquished.

Vanquished Creatures (others)
  10 fire vortices (D)
10 creatures vanquished.

Grand Total: 350 creatures vanquished

Notes
Turn   | Place    | Note
-------+----------+-------------------------------------------
     0 | D        | rocky1 the Octopode Earth Elementalist began the quest for
                  | the Orb.
     0 | D        | Reached XP level 1. HP: 11/11 MP: 3/3
    21 | D        | Found a bloodstained altar of Trog.
    21 | D        | Found a shimmering blue altar of Sif Muna.
    21 | D        | Found a viscous altar of Jiyva.
    21 | D        | Found a hazy altar of Hepliaklqana.
    21 | D        | Found an opulent altar of Gozag.
    22 | D        | Found a glowing golden altar of the Shining One.
    22 | D        | Found a glowing silver altar of Zin.
    22 | D        | Found a basalt altar of Yredelemnul.
    22 | D        | Found a shimmering altar of Xom.
    22 | D        | Found an ornate altar of the Wu Jian Council.
    22 | D        | Found a sacrificial altar of Ru.
    22 | D        | Found a stormy altar of Qazlal.
    22 | D        | Found an iron altar of Okawaru.
    22 | D        | Found a sparkling altar of Nemelex Xobeh.
    22 | D        | Found a burning altar of Makhleb.
    22 | D        | Found a blossoming altar of Fedhas.
    22 | D        | Found a white marble altar of Elyvilon.
    22 | D        | Found a shadowy altar of Dithmenos.
    22 | D        | Found a snail-covered altar of Cheibriados.
    24 | D        | Found a radiant altar of Vehumet.
    24 | D        | Found a corrupted altar of Lugonu.
    24 | D        | Found a roughly hewn altar of Beogh.
    25 | D        | Found a hide-covered altar of Uskayaw.
    25 | D        | Found an ancient bone altar of Kikubaaqudgha.
    25 | D        | Found a broken altar of Ashenzari.
    27 | D        | Became a worshipper of Sif Muna the Loreminder
    64 | D        | Reached XP level 2. HP: 17/17 MP: 3/5
    66 | D        | Reached skill level 5 in Earth Magic
   115 | D        | Reached * piety under Sif Muna
   197 | D        | Noticed a floating eye
   201 | D        | Reached ** piety under Sif Muna
   209 | D        | Paralysed by a floating eye for 3 turns
   214 | D        | Killed a floating eye
   215 | D        | Reached XP level 3. HP: 15/21 MP: 2/9
   215 | D        | Reached XP level 4. HP: 20/27 MP: 2/10
   215 | D        | Reached XP level 5. HP: 23/31 MP: 2/11
   295 | D        | Learned a level 3 spell: Stone Arrow
   301 | D        | Learned a level 5 spell: Lee's Rapid Deconstruction
   306 | D        | Learned a level 4 spell: Petrify
   362 | D        | Noticed an ice beast
   366 | D        | Reached *** piety under Sif Muna
   374 | D        | Killed an ice beast
   375 | D        | Reached skill level 5 in Spellcasting
   375 | D        | Reached skill level 10 in Earth Magic
   375 | D        | Reached XP level 6. HP: 19/36 MP: 5/14
   519 | D        | Reached **** piety under Sif Muna
   562 | D        | Noticed Purgy
   562 | D        | Noticed a warg
   564 | D        | Killed a warg
   565 | D        | Killed Purgy
   566 | D        | Reached XP level 7. HP: 41/41 MP: 3/16
   652 | D        | Noticed a spriggan
   652 | D        | Noticed a tarantella
   656 | D        | Killed a spriggan
   656 | D        | Reached ***** piety under Sif Muna
   656 | D        | Identified Xocaaski's Grimoire of Battle Magic (Sif Muna
                  | gifted it to you in the Dungeon)
   656 | D        | Received a gift from Sif Muna
   656 | D        | Killed a tarantella
   657 | D        | Reached skill level 5 in Conjurations
   759 | D        | Got the +2 scimitar of Courage {flame, *Rage rC+ Str+6}
   841 | D        | Noticed a cane toad
   843 | D        | Reached skill level 1 in Invocations
   843 | D        | Reached XP level 8. HP: 46/46 MP: 13/19
   846 | D        | Killed a cane toad
   957 | D        | Noticed a blink frog
   958 | D        | Noticed a blink frog
   962 | D        | Noticed a blink frog
   963 | D        | Killed a blink frog
   964 | D        | Killed a blink frog
   964 | D        | Killed a blink frog
   965 | D        | Reached skill level 5 in Invocations
   965 | D        | Reached XP level 9. HP: 51/51 MP: 4/21
  1076 | D        | Noticed an orc knight
  1076 | D        | Noticed an orc sorcerer
  1076 | D        | Noticed a yaktaur
  1078 | D        | Received a gift from Sif Muna
  1080 | D        | Killed a yaktaur
  1080 | D        | Killed an orc sorcerer
  1155 | D        | Noticed a two-headed ogre
  1160 | D        | Killed a two-headed ogre
  1275 | D        | Noticed an efreet
  1280 | D        | Killed an efreet
  1281 | D        | Reached skill level 5 in Stealth
  1281 | D        | Reached XP level 10. HP: 9/63 MP: 2/23
  1285 | D        | Identified Sif Muna's Disquisition on Floating Necromancy
                  | (Sif Muna gifted it to you in the Dungeon)
  1285 | D        | Received a gift from Sif Muna
  1286 | D        | Noticed Erolcha
  1332 | D        | Killed Erolcha
  1333 | D        | Reached skill level 5 in Fighting
  1333 | D        | Reached skill level 5 in Dodging
  1589 | D        | Killed an orc knight
  1590 | D        | Reached skill level 5 in Short Blades
  1854 | D        | Identified Sif Muna's Compendium of Shifting Conjuration
                  | (Sif Muna gifted it to you in the Dungeon)
  1854 | D        | Received a gift from Sif Muna
  1944 | D        | Reached XP level 11. HP: 72/72 MP: 18/24
  1949 | D        | Identified Sif Muna's Compendium of Excruciating Earth (Sif
                  | Muna gifted it to you in the Dungeon)
  1949 | D        | Received a gift from Sif Muna
  1955 | D        | Noticed a deep troll
  1960 | D        | Killed a deep troll
  1961 | D        | Reached skill level 10 in Stealth
  1980 | D        | Noticed a manticore
  1980 | D        | Noticed Pikel
  1981 | D        | Noticed a catoblepas
  1982 | D        | Killed a manticore
  1983 | D        | Reached skill level 10 in Invocations
  1983 | D        | Killed Pikel
  1983 | D        | Noticed a bog body
  1985 | D        | Killed a catoblepas
  1985 | D        | Identified Sif Muna's Papyrus of Combat Magic and the Blaze
                  | (Sif Muna gifted it to you in the Dungeon)
  1985 | D        | Received a gift from Sif Muna
  1986 | D        | Reached skill level 15 in Earth Magic
  1987 | D        | Killed a bog body
  1992 | D        | Killed a shadow wraith
  1993 | D        | Noticed Grinder
  1995 | D        | Killed Grinder
  2118 | D        | Noticed a hell hog
  2119 | D        | Noticed a hell hog
  2123 | D        | Killed a hell hog
  2123 | D        | Identified Tathraat's Almanac of Dusty Arcane Weapons (Sif
                  | Muna gifted it to you in the Dungeon)
  2123 | D        | Received a gift from Sif Muna
  2123 | D        | Reached ****** piety under Sif Muna
  2123 | D        | Killed a hell hog
  2124 | D        | Noticed a hell hog
  2124 | D        | Noticed a hell hog
  2128 | D        | Killed a hell hog
  2129 | D        | Reached XP level 12. HP: 30/84 MP: 0/25
  2131 | D        | Killed a hell hog
  2402 | D        | Got the +6 falchion "Zynuucs" {speed, *Drain rF+ rN+ SInv}
  2520 | D        | Learned a level 6 spell: Iron Shot
  2527 | D        | Learned a level 6 spell: Freezing Cloud
  2583 | D        | Noticed Sonja
  2584 | D        | Killed Sonja
  2585 | D        | Reached skill level 1 in Ice Magic
  2585 | D        | Reached skill level 1 in Air Magic
  2591 | D        | Received a gift from Sif Muna
  2657 | D        | Noticed a boulder beetle
  2671 | D        | Killed a boulder beetle
  2672 | D        | Reached skill level 10 in Spellcasting
  2812 | D        | Noticed a death yak
  2814 | D        | Noticed a death yak
  2816 | D        | Noticed a death yak
  2823 | D        | Killed a death yak
  2833 | D        | Killed a death yak
  2833 | D        | Killed a death yak
  2997 | D        | Received a gift from Sif Muna
  3168 | D        | Learned a level 5 spell: Borgnjor's Vile Clutch
  3168 | D        | Noticed a catoblepas
  3168 | D        | Noticed Polyphemus
  3171 | D        | Reached skill level 10 in Conjurations
  3172 | D        | Killed a lorocyproca
  3173 | D        | Reached skill level 5 in Ice Magic
  3173 | D        | Reached skill level 5 in Air Magic
  3173 | D        | Identified Sif Muna's Grimoire of Ice (Sif Muna gifted it
                  | to you in the Dungeon)
  3173 | D        | Received a gift from Sif Muna
  3177 | D        | Reached skill level 10 in Dodging
  3177 | D        | Killed Polyphemus
  3178 | D        | Reached XP level 13. HP: 37/92 MP: 12/28
  3405 | D        | Got the ring "Usoext" {rN+ Int+4}
  3584 | D        | Reached skill level 10 in Fighting
  3584 | D        | Noticed Agnes
  3584 | D        | Identified Sif Muna's Catalogue of the Frostbite and
                  | Calling (Sif Muna gifted it to you in the Dungeon)
  3584 | D        | Received a gift from Sif Muna
  3586 | D        | Reached skill level 10 in Short Blades
  3588 | D        | Killed Agnes
  3608 | D        | Identified Sif Muna's Disquisition on Displaced Stones (Sif
                  | Muna gifted it to you in the Dungeon)
  3608 | D        | Received a gift from Sif Muna
  3620 | D        | Identified the +5 whip "Dragonslayer" {freeze, *Rage MP+9
                  | Int+2}
  3624 | D        | Noticed a great orb of eyes
  3625 | D        | Identified Sif Muna's Grimoire of Creative Blows and
                  | Bruises (Sif Muna gifted it to you in the Dungeon)
  3625 | D        | Received a gift from Sif Muna
  3627 | D        | Killed a great orb of eyes
  3629 | D        | Identified the ring "Jyoddo Xipt" {+Blink Will+ Int+4
                  | Dex-2}
  3630 | D        | Noticed a minotaur
  3637 | D        | Killed a minotaur
  3639 | D        | Identified Sif Muna's Incunabulum of Combat Magic (Sif Muna
                  | gifted it to you in the Dungeon)
  3639 | D        | Received a gift from Sif Muna
  4084 | D        | Learned a level 6 spell: Statue Form
  4094 | D        | Noticed an orc warlord
  4094 | D        | Noticed an orc warlord
  4096 | D        | Noticed a merfolk impaler
  4106 | D        | Killed a merfolk impaler
  4107 | D        | Identified Keoshaf's Guide on Glacial Flight (Sif Muna
                  | gifted it to you in the Dungeon)
  4107 | D        | Received a gift from Sif Muna
  4108 | D        | Killed an orc warlord
  4111 | D        | Killed an orc warlord
  4117 | D        | Identified Hokhlak's Grimoire of the Feathery Escort (Sif
                  | Muna gifted it to you in the Dungeon)
  4117 | D        | Received a gift from Sif Muna
  4119 | D        | Reached XP level 14. HP: 53/101 MP: 5/30
  4442 | D        | Reached skill level 10 in Air Magic
  4444 | D        | Identified Sif Muna's Incunabulum of Venomous Sinister
                  | Secrets (Sif Muna gifted it to you in the Dungeon)
  4444 | D        | Received a gift from Sif Muna
  4450 | D        | Reached skill level 10 in Ice Magic
  4509 | D        | Noticed a balrug
  4513 | D        | Killed a balrug
  4716 | D        | Noticed a ghost moth
  4718 | D        | Identified Sif Muna's Disquisition on Lethal Transformation
                  | (Sif Muna gifted it to you in the Dungeon)
  4718 | D        | Received a gift from Sif Muna
  4719 | D        | Noticed an orc warlord
  4728 | D        | Killed a ghost moth
  4732 | D        | Killed an orc warlord
  4733 | D        | Identified Sif Muna's Guide on Dislocated Enchantment (Sif
                  | Muna gifted it to you in the Dungeon)
  4733 | D        | Received a gift from Sif Muna
  4757 | D        | Identified Asmodeus's Volume of Creative Heat (Sif Muna
                  | gifted it to you in the Dungeon)
  4757 | D        | Received a gift from Sif Muna
  5101 | D        | Noticed a storm dragon
  5101 | D        | Noticed a fire giant
  5106 | D        | Killed a fire giant
  5112 | D        | Killed a storm dragon
  5117 | D        | Identified Sif Muna's Collected Works on Excruciating
                  | Moulding (Sif Muna gifted it to you in the Dungeon)
  5117 | D        | Received a gift from Sif Muna
  5253 | D        | Learned a level 9 spell: Fire Storm
  5275 | D        | Noticed a deep elf annihilator
  5276 | D        | Noticed a red draconian
  5277 | D        | Identified Sif Muna's Grimoire of Transmigration (Sif Muna
                  | gifted it to you in the Dungeon)
  5277 | D        | Received a gift from Sif Muna
  5278 | D        | Killed a deep elf annihilator
  5278 | D        | Noticed an emperor scorpion
  5279 | D        | Noticed a green draconian monk
  5288 | D        | HP: 5/103 [two-headed ogre/+0 great mace (7)]
  5289 | D        | Reached XP level 15. HP: 5/109 MP: 17/33
  5290 | D        | Noticed a cacodemon
  5298 | D        | Killed a green draconian monk
  5299 | D        | Reached skill level 5 in Fire Magic
  5304 | D        | Killed a cacodemon
  5304 | D        | Identified Sif Muna's Guide on Hurtful Transmigration (Sif
                  | Muna gifted it to you in the Dungeon)
  5304 | D        | Received a gift from Sif Muna
  5306 | D        | Killed an emperor scorpion
  5325 | D        | Identified Sif Muna's Sophisticated Theurgy (Sif Muna
                  | gifted it to you in the Dungeon)
  5325 | D        | Received a gift from Sif Muna
  5328 | D        | Identified the +6 scimitar of Strategic Superiority
                  | {vorpal, rElec rF- Int+4}
  5333 | D        | Noticed an angel
  5341 | D        | Killed an angel
  5509 | D        | Noticed a fire giant
  5513 | D        | Killed a fire giant
  5514 | D        | Reached skill level 15 in Conjurations
  5515 | D        | Received a gift from Sif Muna
  5554 | D        | Noticed a sphinx
  5561 | D        | Noticed a frost giant
  5578 | D        | Killed a frost giant
  5579 | D        | Reached skill level 15 in Spellcasting
  5837 | D        | Noticed a storm dragon
  5837 | D        | Noticed Jory
  5838 | D        | Noticed a deep elf sorcerer
  5840 | D        | Noticed an azure jelly
  5841 | D        | Noticed a frost giant
  5841 | D        | Identified Ofoyh's Compendium of Changing (Sif Muna gifted
                  | it to you in the Dungeon)
  5841 | D        | Received a gift from Sif Muna
  5842 | D        | Killed Jory
  5842 | D        | Noticed a frost giant
  5843 | D        | Killed a frost giant
  5843 | D        | Killed a deep elf sorcerer
  5843 | D        | Noticed a tentacled monstrosity
  5844 | D        | Reached skill level 10 in Fire Magic
  5849 | D        | Killed a frost giant
  5850 | D        | Identified Sif Muna's Almanac of Battle Magic and
                  | Weightlessness (Sif Muna gifted it to you in the Dungeon)
  5850 | D        | Received a gift from Sif Muna
  5855 | D        | Killed a tentacled monstrosity
  5856 | D        | Killed a storm dragon
  5858 | D        | Killed an azure jelly
  5866 | D        | Identified Sif Muna's Catalogue of the Damaging Glacier
                  | (Sif Muna gifted it to you in the Dungeon)
  5866 | D        | Received a gift from Sif Muna
  6265 | D        | Killed a sphinx
  6266 | D        | Reached XP level 16. HP: 120/120 MP: 22/35
  6442 | D        | Found the +27 Lear's hauberk
  6552 | D        | Noticed a lich
  6553 | D        | Noticed a bone dragon
  6553 | D        | Noticed a bone dragon
  6553 | D        | Noticed a bone dragon
  6553 | D        | Identified the cursed +3 hunting sling of Annoyance {speed,
                  | *Drain rPois Int+4}
  6553 | D        | Identified the +1 robe of the Blessed Realm {rC+ Str+4}
  6555 | D        | Noticed a lich
  6555 | D        | Killed a lich
  6555 | D        | Received a gift from Sif Muna
  6555 | D        | Identified Cueruu's Incunabulum of the Glacier and Calling
                  | (Sif Muna gifted it to you in the Dungeon)
  6555 | D        | Received a gift from Sif Muna
  6555 | D        | Killed a lich
  6555 | D        | Identified Bothyf's Papyrus of Dislocated Feathers (Sif
                  | Muna gifted it to you in the Dungeon)
  6555 | D        | Received a gift from Sif Muna
  6555 | D        | Noticed a bone dragon
  6556 | D        | Reached skill level 15 in Fighting
  6556 | D        | Reached skill level 15 in Dodging
  6556 | D        | Reached skill level 5 in Shields
  6565 | D        | Paralysed by a vampire knight for 4 turns
  6572 | D        | Identified the +6 short sword of Beyond {pain, rF+ Str+4
                  | Dex+3}
  6578 | D        | Killed a bone dragon
  6578 | D        | Received a gift from Sif Muna
  6579 | D        | Killed a bone dragon
  6580 | D        | Killed a bone dragon
  6589 | D        | Received a gift from Sif Muna
  6870 | D        | Received a gift from Sif Muna
  6871 | D        | Reached skill level 1 in Staves
  6884 | D        | Killed a bone dragon
  6884 | D        | Identified Sif Muna's Almanac of Bewitching Stolen Souls
                  | (Sif Muna gifted it to you in the Dungeon)
  6884 | D        | Received a gift from Sif Muna
  6885 | D        | Reached skill level 15 in Fire Magic
  7225 | D        | Learned a level 8 spell: Lehudib's Crystal Spear
  7309 | D        | Got a silver rune of Zot
  7484 | D        | Noticed a lich
  7486 | D        | Killed a lich
  7490 | D        | Noticed an ancient lich
  7493 | D        | Noticed a lich
  7495 | D        | Noticed a lich
  7497 | D        | Reached skill level 5 in Staves
  7497 | D        | Reached skill level 10 in Shields
  7497 | D        | Reached XP level 17. HP: 132/132 MP: 27/38
  7497 | D        | Killed a lich
  7497 | D        | Identified Qytienin's Guide on Gliding Bewitchment (Sif
                  | Muna gifted it to you in the Dungeon)
  7497 | D        | Received a gift from Sif Muna
  7497 | D        | Killed an ancient lich
  7498 | D        | Noticed a lich
  7498 | D        | Killed a lich
  7500 | D        | Noticed a sphinx
  7501 | D        | Killed a lich
  7501 | D        | Identified Sif Muna's Advanced Spellcasting (Sif Muna
                  | gifted it to you in the Dungeon)
  7501 | D        | Received a gift from Sif Muna
  7503 | D        | Killed a sphinx
  7503 | D        | Noticed an ancient lich
  7515 | D        | Killed an ancient lich
  7515 | D        | Identified Sif Muna's Incunabulum of Poisoning and the
                  | Escort (Sif Muna gifted it to you in the Dungeon)
  7515 | D        | Received a gift from Sif Muna
  7520 | D        | Reached skill level 10 in Staves
  7648 | D        | Identified Gelofuur's Guide on Unholy Execration (Sif Muna
                  | gifted it to you in the Dungeon)
  7648 | D        | Received a gift from Sif Muna
  7666 | D        | Got the Volume of Shape Shifting
  7680 | D        | Got Weacrus's Tome of Ignition and Orientation
  7685 | D        | Got Maynuvix's Incunabulum of the Bewitching Volcanoes
  7692 | D        | Got The Lost Secrets of Theurgy
  7804 | D        | Got the ring "Loaro" {Will+ Dex+6}
  7806 | D        | Got the ring "Cynuelof" {rPois Will+}
  7808 | D        | Got the ring "Veuclen" {Fire rN++ Int+5 Slay-6}
  7810 | D        | Got the ring of Acwaklami {*Corrode +Blink +Fly rF++ AC+6}
  7812 | D        | Got the ring of Vaymumuh {rPois rC+ Int+4}
  7816 | D        | Got the ring "Suungud" {rC+ rN+}
  7818 | D        | Got the ring "Arom" {Ice +Inv Int-3 Slay+4 SInv}
  7820 | D        | Got the ring of Ubaell {AC+6 Int+3}
  7822 | D        | Got the ring of Awoxysu {rF+ Dex+6}
  7824 | D        | Got the ring "Unnokh" {Wiz Int+4 Dex+4}
  7826 | D        | Got the ring "Let Zykoa" {Ice *Corrode rElec rPois Will-}
  7828 | D        | Got the ring of Astris {rElec rC+ rN+ Int-5 Slay+2}
  7830 | D        | Got the ring of Cowardice {Dex+6 Slay+3}
  7843 | D        | Got the ring "Paomnayg" {+Blink rPois rN+ Slay+5}
  7845 | D        | Got the amulet of Yredelemnul's Favour {rC+ Regen+}
  7847 | D        | Got the ring "Bocw" {rPois rF++ Will+ Str+6}
  7849 | D        | Got the amulet "Ameupo" {Regen+ Dex+6}
  7851 | D        | Got the amulet "Qifousch" {Reflect rN+ SH+5}
  7853 | D        | Got the amulet of Coinodim {Spirit rC+}
  7855 | D        | Got the amulet "Fatezoso" {RegenMP rN++ Str+4}
  7857 | D        | Got the amulet of Discretion {Faith Stlth+}
  7859 | D        | Got the ring "Holun" {Fire +Blink rPois Slay+3}
  7861 | D        | Got the amulet of Pixiteim {Faith rN+ Int+2}
  7863 | D        | Got the amulet of the Leaf {Acrobat Slay+4}
  7865 | D        | Got the amulet "Boxaivudi" {Faith +Blink rElec Int-2}
  7867 | D        | Got the ring of Gozag's Regard {+Fly Will+ Str+4}
  8030 | D        | Identified the +4 dragonskin cloak
  8030 | D        | Noticed Tiamat
  8042 | D        | Killed Tiamat
  8245 | D        | Noticed a golden dragon
  8248 | D        | Killed a golden dragon
  8302 | D        | Noticed a lich
  8303 | D        | Killed a lich
  8304 | D        | Reached skill level 5 in Evocations
  8306 | D        | Noticed an ancient lich
  8310 | D        | Killed an ancient lich
  8311 | D        | Reached XP level 18. HP: 144/144 MP: 17/41
  8370 | D        | Noticed a deep elf blademaster
  8372 | D        | Killed a deep elf blademaster
  8375 | D        | Noticed a Tzitzimitl
  8378 | D        | Killed a Tzitzimitl
  8478 | D        | Noticed a Hell Sentinel
  8478 | D        | Noticed a Tzitzimitl
  8478 | D        | Noticed a deep elf blademaster
  8478 | D        | Noticed a hellephant
  8480 | D        | Received a gift from Sif Muna
  8481 | D        | Killed a deep elf blademaster
  8482 | D        | Killed a Tzitzimitl
  8485 | D        | Killed a Hell Sentinel
  8485 | D        | Received a gift from Sif Muna
  8487 | D        | Killed a hellephant
  8545 | D        | Learned a level 9 spell: Shatter
  8548 | D        | Learned a level 2 spell: Blink
  8553 | D        | Noticed Murray
  8556 | D        | Killed Murray
  8557 | D        | Reached skill level 15 in Shields
  8614 | D        | Noticed Gloorx Vloq
  8621 | D        | Slain by Gloorx Vloq

Illustrated notes

Levels and vault maps discovered:
D:        pitsprint [storerooms_1, entrance_room_1, metal_vault_6, armoury_2,
          mini_pit_1, grid_room_1, main_hall_1, silver_pit, the_coven_3,
          the_vestibule_1, steel_vault_1, golden_pit, hallway_of_sentries,
          crystal_vault_4, iron_vault_1, final_vault]

Skill      XL: |  1  2  3  4  5  6  7  8  9 10 11 12 13 14 15 16 17 18 |
---------------+-------------------------------------------------------+-----
Earth Magic    | 4 9 10 11 12 13 14 15 16 17 18 | 18.6
Spellcasting   | 4 5 6 7 8 9 11 12 14 15 17 19 20 | 20.1
Conjurations   | 2 4 6 7 8 10 12 14 16 18 20 | 20.9
Transmutations | 3 4 6 7 8 |  8.7
Invocations    | 1 5 7 9 11 12 14 | 14.6
Stealth        | 5 9 12 | 12.6
Fighting       | 3 6 8 9 11 12 14 17 19 | 19.9
Short Blades   | 3 6 8 9 10 11 | 11.9
Dodging        | 3 6 9 10 11 12 14 17 19 20 | 20.0
Ice Magic      | 5 9 11 | 11.7
Air Magic      | 6 9 11 | 11.9
Fire Magic     | 4 12 15 17 18 | 18.8
Shields        | 10 13 15 | 15.0
Staves         | 5 11 12 | 12.0
Evocations     | 6 9 |  9.9

Action                   |  1- 3 |  4- 6 |  7- 9 | 10-12 | 13-15 | 16-18 || total
-------------------------+-------+-------+-------+-------+-------+-------++-------
Melee: Unarmed           |     9 |       |       |       |       |       ||     9
       Constrict         |     4 |       |     1 |     4 |    13 |     3 ||    25
       Dagger            |     5 |     2 |     5 |       |       |       ||    12
       Tentacles         |     1 |       |       |     1 |    19 |     1 ||    22
       Long sword        |       |     1 |       |       |       |       ||     1
       Rapier            |       |       |       |     8 |    41 |       ||    49
       Quick blade       |       |       |       |       |    47 |       ||    47
       Staff             |       |       |       |       |       |    14 ||    14
 Cast: Sandblast         |     8 |     8 |     1 |     6 |     5 |     1 ||    29
       Lee's Rapid Decon |       |     2 |    17 |    85 |   106 |    62 ||   272
       Stone Arrow       |       |     1 |       |       |       |     1 ||     2
       Petrify           |       |       |       |     2 |       |       ||     2
       Freezing Cloud    |       |       |       |     1 |     2 |       ||     3
       Iron Shot         |       |       |       |       |    21 |     6 ||    27
       Borgnjor's Vile C |       |       |       |       |     3 |       ||     3
       Statue Form       |       |       |       |       |     9 |    10 ||    19
       Dragon's Call     |       |       |       |       |     1 |       ||     1
       Fire Storm        |       |       |       |       |     2 |     3 ||     5
       Lehudib's Crystal |       |       |       |       |       |    29 ||    29
Invok: Channel Magic     |       |       |       |     8 |    17 |    10 ||    35
       Divine Exegesis   |       |       |       |     1 |     3 |     1 ||     5
  Use: Potion            |       |       |       |    11 |     6 |     3 ||    20
       Scroll            |       |       |       |     1 |     3 |     6 ||    10
 Stab: Sleeping          |     1 |     2 |       |       |       |       ||     3
       Invisible         |       |       |       |       |     1 |       ||     1
       Distracted        |       |       |       |       |     1 |       ||     1
Armor: Skin              |     4 |       |       |       |   100 |    69 ||   173
Dodge: Dodged            |     9 |     1 |     4 |    19 |   210 |   138 ||   381
Block: Buckler           |       |       |       |       |       |    26 ||    26

Table legend: (Time is in decaauts)
 A = Elapsed time spent in this place.
 B = Non-inter-level travel time spent in this place.
 C = Inter-level travel time spent in this place.
 D = Time resting spent in this place.
 E = Time spent auto-exploring this place.
 F = Levels seen in this place.
 G = Mean time per level.
                   A        B        C        D        E       F      G
               +--------+--------+--------+--------+--------+-----+--------+
         Total |   9057 |   9057 |      0 |   5372 |      0 |   1 | 9057.0 |
       Dungeon |   9057 |   9057 |      0 |   5372 |      0 |   1 | 9057.0 |
               +--------+--------+--------+--------+--------+-----+--------+

Top non-repeatable levels by time:
       D: 9057 daAuts
